 Dungeon Crawl Stone Soup version 0.31.0-12-g77e489cdc1 (webtiles) character file.

Game seed: 12014879151197192355

6141 FireWizard44 the Covert (level 10, -8/51 HPs)
             Began as a Spriggan Brigand on Mar 4, 2024.
             Was an Elder of Fedhas.
             Shot with an arrow by Nessos (21 damage)
             ... on level 2 of the Orcish Mines.
             The game lasted 01:09:40 (8006 turns).

FireWizard44 the Covert (Spriggan Brigand)          Turns: 8006, Time: 01:09:47

Health: -8/51      AC:  7    Str:  7    XL:     10   Next: 59%
Magic:  0/28       EV: 29    Int: 16    God:    Fedhas [****..]
Gold:   744        SH:  0    Dex: 18    Spells: 19/20 levels left

rFire   . . .        o - +7 Throatcutter {drain, coup de grace}
rCold   . . .        (no shield)
rNeg    . . .        k - +4 robe of Roxkum {rPois MP+9 Stlth+}
rPois   +            (helmet restricted)
rElec   .            c - +0 cloak
rCorr   .            (gloves unavailable)
SInv    +            (boots unavailable)
Will    +....        l - amulet of Leaves {Spirit -Cast Regen+ Slay+6}
Stlth   ++++++       f - ring of wizardry
HPRegen 1.08/turn    G - +5 ring of evasion
MPRegen 0.21/turn

%: no spellcasting, guardian spirit, wizardry (x1)
@: studying Dodging, very quick
A: very small, no large weapons, unfitting armour, see invisible, speed 3
a: Renounce Religion, Wall of Briars, Grow Ballistomycete, Overgrow


You were on level 2 of the Orcish Mines.
You worshipped Fedhas.
Fedhas was greatly pleased with you.
You visited 3 branches of the dungeon, and saw 13 of its levels.

You collected 1216 gold pieces.
You spent 472 gold pieces at shops.

Inventory:

Hand Weapons
 o - the +7 Throatcutter (weapon) {drain, coup de grace}
   (You found it on level 4 of the Dungeon)
 z - a +3 falchion
 M - a +2 falchion of flaming
Missiles
 d - 28 poisoned darts (quivered)
 e - 3 curare-tipped darts
Armour
 b - a +2 robe
 c - a +0 cloak (worn)
 g - a +2 robe
 k - the +4 robe of Roxkum (worn) {rPois MP+9 Stlth+}
   (You found it on level 3 of the Dungeon)

   rPois:     It protects you from poison MP+9: It affects your magic capacity
   (+9).
   Stlth+:    It makes you more stealthy.
Magical Staves
 u - a staff of earth
Jewellery
 f - a ring of wizardry (left hand)
 l - the amulet of Leaves (around neck) {Spirit -Cast Regen+ Slay+6}
   (You found it on level 10 of the Dungeon)

   [amulet of guardian spirit]

   Spirit:    It causes incoming damage to be divided between your reserves of
   health and magic.
   Slay+6:    It affects your accuracy & damage with ranged weapons and melee
   (+6).
   -Cast:     It prevents spellcasting.
   Regen+:    It increases your rate of health regeneration.
 t - a ring of protection from cold
 C - an amulet of magic regeneration
 G - a +5 ring of evasion (right hand)
Wands
 m - a wand of polymorph (6)
 E - a wand of roots (15)
Scrolls
 i - 2 scrolls of immolation
 n - 2 scrolls of revelation
 x - 3 scrolls of amnesia
 A - a scroll of silence {unknown}
 B - 4 scrolls of teleportation
 D - 2 scrolls of vulnerability
 F - a scroll of blinking {unknown}
 K - a scroll of fog {unknown}
Potions
 j - 4 potions of brilliance
 p - 4 potions of curing
 q - a potion of mutation {unknown}
 s - a potion of degeneration {unknown}
 v - 2 potions of attraction {unknown}
 w - 2 potions of lignification
 H - a potion of haste {unknown}
 J - a potion of enlightenment {unknown}


   Skills:
 + Level 5.0 Fighting
 + Level 5.8(8.4) Short Blades
 + Level 7.2(7.8) Long Blades
 + Level 2.5 Throwing
 + Level 9.6 Dodging
 + Level 12.7 Stealth
 * Level 5.7 Spellcasting
 + Level 0.9 Invocations


You had 19 spell levels left.
You knew the following spells:

 Your Spells              Type           Power      Damage    Failure   Level
a - Slow                  Hex            16%        N/A       6%          1

Your spell library contained the following spells:

 Spells                   Type           Power      Damage    Failure   Level
 Sting                    Conj/Alch      16%        1d4       6%          1
 Mercury Vapours          Alch/Air       8%         N/A       9%          2
 Sublimation of Blood     Necr           4%         N/A       9%          2
 Confusing Touch          Hex            4%         N/A       16%         3
 Sigil of Binding         Hex            4%         N/A       16%         3
 Vampiric Draining        Necr           4%         2d6       16%         3
 Olgreb's Toxic Radiance  Alch           4%         N/A       45%         4
 Petrify                  Alch/Erth      4%         N/A       45%         4
 Irradiate                Conj/Alch      2%         3d12      80%         5
 Ozocubu's Refrigeration  Ice            2%         4d7       100%        7
 Discord                  Hex            2%         N/A       100%        8


Dungeon Overview and Level Annotations

Branches:
Dungeon (10/15)            Temple (1/1) D:4            Lair (0/5) D:8
    Orc (2/2) D:10
    Elf: Orc:2

Altars:
Ashenzari
Cheibriados
Dithmenos
Elyvilon
Fedhas
Gozag
Hepliaklqana
Kikubaaqudgha
Makhleb
Nemelex Xobeh
Okawaru
Qazlal
Ru
Trog
Wu Jian
Xom
Yredelemnul
Zin
The Shining One

Shops:
D:7 **[[   D:8 (   Orc:1 !

Annotations:
D:4 Pikel
D:10 1 runed translucent door
Orc:2 Nessos


Innate Abilities, Weirdness & Mutations

You are very small and have problems with some larger weapons.
You are too small for most types of armour.
You have supernaturally acute eyesight. (SInv)
You cover ground extremely quickly. (Speed+++)


Message History

Nessos gestures wildly while chanting.
Nessos blinks!
Nessos wields a +3 longbow of flaming.
It bursts into flame!
Nessos shoots an arrow.
The arrow barely misses you.
You slash the orc!
You kill the orc!
Fedhas appreciates your contribution to the ecosystem.
Nessos casts a spell.
Nessos blinks!
Nessos unwields a +3 longbow of flaming.
It stops flaming.
Nessos completely misses you. Nessos barely misses you.
You barely miss Nessos.
Nessos is moderately wounded.
Nessos barely misses you. Nessos misses you. Nessos completely misses you.
Nessos closely misses you.
You hit Nessos but do no damage. You drain Nessos.
Nessos is moderately wounded.
Nessos completely misses you. x2
Nessos gestures wildly while chanting.
Nessos blinks!
An orc comes into view. It is wielding a +0 trident.
You slice the orc priest!!
You kill the orc priest!
Fedhas appreciates your contribution to the ecosystem.
Nessos wields a +3 longbow of flaming.
It bursts into flame!
Nessos shoots an arrow.
The arrow completely misses you.
Nessos mumbles some strange words.
Nessos blinks!
An orc is nearby!
Nessos shoots an arrow.
The arrow hits you!! The arrow burns you.
An ettin comes into view. It is wielding two +0 dire flails.
Nessos shoots an arrow.
The arrow misses you.
Nessos shoots an arrow.
The arrow closely misses you.
The ettin shouts in stereo!
You hear a shout!
As you read the scroll of identify, it crumbles to dust.
p - 4 potions of curing Nessos shoots an arrow.
The arrow hits you! The arrow burns you.
* * * LOW HITPOINT WARNING * * *
Nessos shoots an arrow.
The arrow hits you!!
You die...
Fedhas appreciates your contribution to the ecosystem.

..........#.....#
..........o....##
.............c.##
.......<........#
................#
............#...#
................#
...............##
...............@#
................#
.............#.##
......C.#
.........
..^......
...#..... ##.#.


You could see Nessos (fast, drained), an ettin and an orc.

Vanquished Creatures
  Erolcha (D:10)
  Joseph (D:7)
  Psyche (D:8)
  2 trolls
  A hornet (D:9)
  Grinder (D:4)
  A wraith (D:6)
  3 wyverns
  Sigmund (D:4)
  A yak (D:8)
  An acid dragon (D:10)
  A water moccasin (D:5)
  An ice beast (D:6)
  2 black bears
  6 orc warriors
  2 ogres
  A centaur (D:10)
  A phantom (D:5)
  2 kobold brigands
  2 bullfrogs
  2 scorpions
  3 wights (D:6)
  6 killer bees (D:8)
  2 howler monkeys (D:9)
  A hound (D:5)
  2 jellies
  7 orc priests
  Jessica (D:2)
  Natasha (D:3)
  A gnoll bouda (D:7)
  Terence (D:3)
  2 iguanas
  7 orc wizards
  12 gnolls
  3 adders
  A shadow imp (D:8)
  A white imp (D:7)
  2 ufetubi (D:6)
  A dart slug (D:4)
  A ribbon worm (D:4)
  51 orcs
  7 endoplasms
  4 giant cockroaches
  A goblin (D:3)
  A hobgoblin (D:1)
  2 jackals (D:3)
  11 kobolds
  2 quokkas
  A ball python (D:3)
  A bat (D:2)
  2 frilled lizards (D:3)
  5 rats
177 creatures vanquished.

Vanquished Creatures (collateral kills)
  A black bear (D:6)
  3 orcs
4 creatures vanquished.

Grand Total: 181 creatures vanquished

Notes
Turn   | Place    | Note
-------+----------+-------------------------------------------
     0 | D:1      | FireWizard44 the Spriggan Brigand began the quest for the
                  | Orb.
     0 | D:1      | Reached XP level 1. HP: 10/10 MP: 2/2
   172 | D:1      | Reached skill level 6 in Stealth
   329 | D:1      | Reached XP level 2. HP: 14/14 MP: 3/3
   340 | D:1      | Found a faded altar of an unknown god.
   437 | D:1      | Prayed at the altar of an unknown god.
   437 | D:1      | Became a worshipper of Fedhas Madash
   437 | D:1      | Reached * piety under Fedhas
   622 | D:2      | Identified the +2 pair of gloves "Xixzic" {rCorr}
   724 | D:2      | Reached XP level 3. HP: 18/18 MP: 4/4
   772 | D:2      | Identified a scroll of acquirement
   772 | D:2      | Acquired 570 gold pieces
   832 | D:2      | Noticed Jessica
   847 | D:2      | Killed Jessica
   848 | D:2      | Reached skill level 7 in Stealth
   996 | D:3      | Reached XP level 4. HP: 7/22 MP: 5/5
  1256 | D:3      | Noticed Terence
  1290 | D:3      | Killed Terence
  1591 | D:3      | Reached ** piety under Fedhas
  1621 | D:3      | Identified the +4 robe of Roxkum {rPois MP+9 Stlth+}
  1725 | D:3      | Noticed Natasha
  1732 | D:3      | Killed Natasha
  1816 | D:4      | Noticed an ogre
  1819 | D:4      | Killed an ogre
  1820 | D:4      | Reached skill level 8 in Stealth
  1820 | D:4      | Reached XP level 5. HP: 26/26 MP: 6/6
  1880 | D:4      | Noticed Pikel
  1880 | D:4      | Noticed a lemure
  1883 | D:4      | Noticed Grinder
  1886 | D:4      | Killed Grinder
  1887 | D:4      | Reached skill level 9 in Stealth
  1887 | D:4      | Reached XP level 6. HP: 14/30 MP: 7/7
  2046 | D:4      | Found a staircase to the Ecumenical Temple.
  2086 | Temple   | Entered the Ecumenical Temple
  2170 | D:4      | Noticed Sigmund
  2296 | D:4      | Killed Sigmund
  2297 | D:4      | Reached skill level 5 in Short Blades
  2297 | D:4      | Reached XP level 7. HP: 27/35 MP: 8/8
  2346 | D:4      | Found the +7 Throatcutter {drain, coup de grace}
  2702 | D:5      | Entered Level 5 of the Dungeon
  2724 | D:5      | Learned a level 1 spell: Slow
  2781 | D:5      | Reached skill level 10 in Stealth
  2863 | D:5      | Reached skill level 1 in Long Blades
  2863 | D:5      | Reached skill level 5 in Dodging
  2875 | D:5      | Reached XP level 8. HP: 32/39 MP: 9/9
  3100 | D:6      | Found a sacrificial altar of Ru.
  3372 | D:6      | Found a stormy altar of Qazlal.
  4477 | D:6      | Reached skill level 11 in Stealth
  4576 | D:7      | Noticed Joseph
  4592 | D:7      | Killed Joseph
  4593 | D:7      | Reached XP level 9. HP: 11/45 MP: 10/10
  4804 | D:7      | Found a shadowy altar of Dithmenos.
  4814 | D:7      | Found Moij's Antique Armour Shop.
  4887 | D:7      | Found a glowing golden altar of the Shining One.
  4889 | D:7      | Noticed an angel
  4905 | D:7      | Found a basalt altar of Yredelemnul.
  4907 | D:7      | Noticed a profane servitor
  4924 | D:7      | Found a hazy altar of Hepliaklqana.
  5028 | D:7      | Found Dula Puxu's Antique Armour Shoppe.
  5069 | D:7      | Found Egonaro's General Store.
  5077 | D:7      | Bought a +5 ring of evasion for 432 gold pieces
  5125 | D:7      | Found Edief Uhal's General Store.
  5161 | D:7      | Bought a scroll of identify for 20 gold pieces
  5161 | D:7      | Bought a scroll of identify for 20 gold pieces
  5192 | D:7      | Reached *** piety under Fedhas
  5193 | D:7      | Reached skill level 5 in Long Blades
  5193 | D:7      | Reached skill level 1 in Spellcasting
  5212 | D:7      | Found a bloodstained altar of Trog.
  5340 | D:8      | Noticed Psyche
  5342 | D:8      | Killed Psyche
  5405 | D:8      | Acquired a manual of Dodging
  5439 | D:8      | Found Bocix's Hydra Hut.
  5442 | D:8      | Found a staircase to the Lair.
  5446 | D:8      | Noticed a six-headed hydra
  5559 | D:8      | Found an ornate altar of the Wu Jian Council.
  6113 | D:8      | Found an iron altar of Okawaru.
  6449 | D:9      | Reached skill level 12 in Stealth
  6539 | D:9      | Found a white marble altar of Elyvilon.
  6587 | D:9      | Noticed a troll
  6597 | D:9      | Killed a troll
  6598 | D:9      | Reached XP level 10. HP: 45/51 MP: 17/17
  7153 | D:10     | Entered Level 10 of the Dungeon
  7222 | D:10     | Reached **** piety under Fedhas
  7333 | D:10     | Identified the amulet of Leaves {Spirit -Cast Regen+
                  | Slay+6}
  7499 | D:10     | Found a staircase to the Orcish Mines.
  7518 | D:10     | Noticed Erolcha
  7544 | D:10     | Killed Erolcha
  7545 | D:10     | Reached skill level 5 in Spellcasting
  7667 | D:10     | Found a runed translucent door.
  7667 | D:10     | Found a burning altar of Makhleb.
  7667 | D:10     | Noticed a sixfirhy
  7697 | Orc:1    | Entered Level 1 of the Orcish Mines
  7703 | Orc:1    | Reached skill level 5 in Fighting
  7858 | Orc:1    | Found Uxtirus's Distillery.
  7974 | Orc:2    | Entered Level 2 of the Orcish Mines
  7980 | Orc:2    | Noticed Nessos
  8003 | Orc:2    | Noticed an ettin
  8006 | Orc:2    | Shot with an arrow by Nessos

Illustrated notes

Levels and vault maps discovered:
D:1:      minmay_arrival_three_doors, layout_loops_corners,
          basic_ecumenical_altar
D:2:      layout_basic, serial_shops, shop_statue, uniq_jessica
D:3:      layout_loops_ring, uniq_terence, uniq_crazy_yiuf_cottage, uniq_natasha
D:4:      layout_loops_ring, minmay_temple_entry_overgrown, uniq_pikel,
          uniq_sigmund, uniq_grinder
D:5:      layout_rooms
D:6:      layout_basic, mainiacjoe_overflow_six_doors_small,
          mainiacjoe_overflow_catwalk
D:7:      layout_loops_cross, grunt_temple_overflow_holy_war,
          nicolae_dithmenos_the_darkroom, mainiacjoe_overflow_chevrons,
          nicolae_hepliaklqana_hazy_memory, serial_shops,
          nicolae_shop_pleasant_corner_grove, shop, shop,
          nicolae_shop_hallway_stairs, uniq_joseph
D:8:      minmay_inner_zag, layout_gridville, nicolae_wu_jian_wuxing_cycle,
          nicolae_uskayaw_dance_studio, okawaru_metal_pillars_3,
          nicolae_overflow_squiral, lair_entry_dummy, serial_shops, shop,
          doesnt_shop_hydraphobe, uniq_psyche
D:9:      layout_loops_ring, mainiacjoe_overflow_alcove_1
D:10:     layout_basic, nzn_makhleb_speed_demon, hiddenorc2_lemuel, uniq_erolcha
Temple:   nicolae_temple_colour_theory
Orc:1:    layout_caves, serial_shops, shop
Orc:2:    st_orc_ogre_mass, layout_caves, basic_altar, uniq_nessos

Skill      XL: |  1  2  3  4  5  6  7  8  9 10 |
---------------+-------------------------------+-----
Stealth        | 6 7 8 9 10 11 12 | 12.7
Short Blades   | 3 4 5 |  5.8
Dodging        | 2 3 4 5 6 8 9 |  9.6
Fighting       | 2 3 4 5 |  5.0
Long Blades    | 1 4 6 7 |  7.2
Spellcasting   | 4 5 |  5.7
Throwing       | |  2.5
Invocations    | |  0.9

Action                     |  1- 3 |  4- 6 |  7- 9 | 10-12 || total
---------------------------+-------+-------+-------+-------++-------
  Melee: Dagger            |    74 |   141 |       |       ||   215
         Punch             |       |     2 |     1 |     4 ||     7
         Long sword        |       |       |   190 |   107 ||   297
  Throw: Dart              |       |       |     3 |       ||     3
 Invoke: Wall of Briars    |       |     1 |     4 |     1 ||     6
    Use: Scroll            |     2 |     3 |    10 |     2 ||    17
   Stab: Sleeping          |     8 |     5 |    14 |     8 ||    35
         Distracted        |       |       |     1 |       ||     1
 Armour: Robe              |    16 |    40 |    77 |    37 ||   170
  Dodge: Dodged            |    40 |    87 |   257 |   116 ||   500
